 Dungeon Crawl Stone Soup version 0.25.1-4-g9407a263a5 (webtiles) character file.

Game seed: 16023644789138857437

58 AoiMiko the Skirmisher (level 3, -7/33 HPs)
             Began as a Minotaur Berserker on Nov 26, 2020.
             Was a Believer of Trog.
             Shot with an arrow by a centaur (18 damage)
             ... on level 2 of the Dungeon.
             The game lasted 00:06:15 (1198 turns).

AoiMiko the Skirmisher (Minotaur Berserker)         Turns: 1198, Time: 00:06:15

Health: -7/33      AC:  5    Str: 22    XL:     3   Next: 75%
Magic:  2/2        EV: 12    Int:  4    God:    Trog [**....]
Gold:   83         SH:  0    Dex:  9    Spells: 2/2 levels left

rFire    . . .     SeeInvis .   a - +0 hand axe
rCold    . . .     Gourm    .   (no shield)
rNeg     . . .     Faith    .   d - +0 ring mail
rPois    .         Spirit   .   (helmet restricted)
rElec    .         Reflect  .   (no cloak)
rCorr    .         Harm     .   (no gloves)
MR       .....                  (no boots)
Stlth    ..........             (no amulet)
HPRegen  0.11/turn              (no ring)
MPRegen  0.08/turn              (no ring)

@: no status effects
A: retaliatory headbutt, horns 2
a: Berserk, Trog's Hand, Renounce Religion


You were on level 2 of the Dungeon.
You worshipped Trog.
Trog was pleased with you.
You were not hungry.

You visited 1 branch of the dungeon, and saw 2 of its levels.

You collected 83 gold pieces.

Inventory:

Hand Weapons
 a - a +0 hand axe (weapon)
Missiles
 h - 4 boomerangs of dispersal (quivered)
Armour
 b - a +0 animal skin
 d - a +0 ring mail (worn)
Jewellery
 g - a cursed ring of teleportation {unknown}
 j - an uncursed ring of protection from cold {unknown}
Scrolls
 f - 3 scrolls of remove curse {unknown}
 i - 2 scrolls of identify {unknown}
 n - a scroll of blinking {unknown}
 o - a scroll of amnesia {unknown}
Potions
 e - a potion of degeneration {unknown}
 k - 3 potions of lignification
 l - a potion of might {unknown}
 p - a potion of curing {unknown}
Comestibles
 c - 4 rations
 m - 3 chunks of flesh


   Skills:
 + Level 4.3 Fighting
 + Level 4.2 Axes
 + Level 3.2 Armour
 + Level 2.9 Dodging


You had 2 spell levels left.
You didn't know any spells.
Your spell library was empty.

Dungeon Overview and Level Annotations

Branches:
Dungeon (2/15)

Altars:


Innate Abilities, Weirdness & Mutations

You reflexively headbutt those who attack you in melee.
You have a pair of horns on your head.


Message History

There is an open door here.
You now have 83 gold pieces (gained 7).
Some of the chunks of flesh in your inventory have rotted away.
Found a stone staircase leading down.
No target in view!
A hobgoblin comes into view. It is wielding a +0 club.
The hobgoblin shouts!
A hobgoblin is nearby!
A centaur comes into view.
You see here a ration.
The centaur shouts!
The centaur wields a +0 shortbow.
The centaur shoots an arrow.
The arrow hits you!
The centaur shoots an arrow.
The arrow hits you!
You see here 2 arrows.
You are too injured to fight recklessly!
You are too injured to fight recklessly!
The hobgoblin closely misses you.
The centaur shoots an arrow.
The arrow hits you!!
Ouch! That really hurt!
You die...

... ...
#......c.....#
...
#............#
..
#.......=....#
#............#
#............#
#............#
#........>...#
#.....%(@g...#
#............#
#.#######+####
#.#
#########.#
..........#
###########


You could see a centaur and a hobgoblin.

Vanquished Creatures
  An adder (D:2)
  4 dart slugs
  3 leopard geckos (D:1)
  4 giant cockroaches
  2 goblins
  4 hobgoblins
  4 jackals (D:1)
  4 bats
  2 frilled lizards (D:1)
  4 kobolds
  4 rats
36 creatures vanquished.

Notes
Turn   | Place    | Note
-------+----------+-------------------------------------------
     0 | D:1      | AoiMiko the Minotaur Berserker began the quest for the Orb.
     0 | D:1      | Reached XP level 1. HP: 19/19 MP: 0/0
    86 | D:1      | Reached XP level 2. HP: 19/27 MP: 1/1
   607 | D:1      | Reached XP level 3. HP: 33/33 MP: 2/2
   826 | D:2      | Reached ** piety under Trog
  1196 | D:2      | Noticed a centaur
  1198 | D:2      | Shot with an arrow by a centaur

Illustrated notes

Levels and vault maps discovered:
D:1:      eino_arrival_tree_alley, layout_rooms, minmay_3d_cube
D:2:      layout_basic, makhleb_grotto_becter, minmay_tromino_v7

Skill      XL: |  1  2  3 |
---------------+----------+-----
Fighting       | 4 |  4.3
Axes           | 4 |  4.2
Armour         | 3 |  3.2
Dodging        | |  2.9

Action                   || total
-------------------------++-------
Melee: Hand axe          ||    72
       Headbutt          ||     7
Invok: Berserk           ||     1
  Use: Potion            ||     1
  Eat: Chunk             ||     2
Armor: Animal skin       ||     4
       Ring mail         ||    17
Dodge: Dodged            ||    48
